 Dungeon Crawl Stone Soup version 0.31-a0-960-g0fca184906 (webtiles) character file.

Game seed: 2713575421529280278

5633 Fodor the Carver (level 10, -4/133 HPs)
             Began as a Minotaur Fighter on Oct 24, 2023.
             Was an Initiate of Gozag.
             Slain by a gnoll
             ... wielding a +0 hand axe
              (5 damage)
             ... in a bailey.
             The game lasted 00:42:12 (7052 turns).

Fodor the Carver (Minotaur Fighter)                 Turns: 7052, Time: 00:42:13

Health: -4/133     AC: 25    Str: 20    XL:     10   Next: 46%
Magic:  9/9        EV:  2    Int:  5    God:    Gozag
Gold:   933        SH:  0    Dex:  8    Spells: 9/9 levels left

rFire   + . .        w - +6 great sword "Wibb" {freeze, rElec Will+++ Str-5 Dex-2}
rCold   x . .        (shield currently unavailable)
rNeg    . . .        H - melded +0 plate armour
rPois   +            (helmet currently unavailable)
rElec   +            (cloak currently unavailable)
rCorr   .            j - melded +2 pair of gloves
SInv    .            x - melded +0 pair of boots
Will    +++..        (no amulet)
Stlth   +            q - ring of fire
HPRegen 0.42/turn    (no ring)
MPRegen 0.11/turn

%: no passive effects
@: mighty, tree-form, gold aura
A: stationary, stasis, torment immunity, boosted hp, (horns 2), (retaliatory
headbutt)
a: Renounce Religion, Potion Petition, Call Merchant, Bribe Branch


You were in a bailey.
You worshipped Gozag.
Gozag was pleased with you.
You were a tree.
You visited 2 branches of the dungeon, and saw 9 of its levels.
You also visited: Bailey.

You collected 1018 gold pieces.
You paid 85 gold pieces to Gozag.

Inventory:

Hand Weapons
 w - the +6 great sword "Wibb" (weapon) {freeze, rElec Will+++ Str-5 Dex-2}
   (You found it on level 3 of the Dungeon)

   Str-5:     It affects your strength (-5).
   Dex-2:     It affects your dexterity (-2).
   rElec:     It insulates you from electricity.
   Will+++:   It greatly increases your willpower.
 E - a +0 battleaxe
 F - a +0 great mace
 J - a +0 shortbow
Missiles
 b - 3 boomerangs
 s - 2 poisoned darts (quivered)
 t - 3 silver javelins
Armour
 c - a +0 buckler
 j - a +2 pair of gloves (melded)
 x - a +0 pair of boots (melded)
 H - a +0 plate armour (melded)
Jewellery
 q - a ring of fire (left branch)
Talismans
 k - a flux talisman
 n - a blade talisman
Wands
 C - a wand of paralysis (9)
 D - a wand of quicksilver (14)
Scrolls
 f - 7 scrolls of identify {unknown}
 h - 2 scrolls of immolation {unknown}
 i - a scroll of blinking {unknown}
 l - a scroll of vulnerability {unknown}
 m - 5 scrolls of enchant armour {unknown}
 u - 5 scrolls of fog {unknown}
 y - a scroll of teleportation {unknown}
 B - a scroll of enchant weapon {unknown}
 I - 2 scrolls of noise {unknown}
 L - a scroll of fear {unknown}
Potions
 d - 6 potions of might
 e - a potion of cancellation {unknown}
 g - a potion of resistance {unknown}
 o - a potion of heal wounds {unknown}
 p - 2 potions of mutation {unknown}
 r - 2 potions of brilliance {unknown}
 v - a potion of ambrosia {unknown}
 z - 3 potions of attraction {unknown}
 A - 3 potions of curing {unknown}
 G - a potion of haste {unknown}
 M - a potion of magic {unknown}
 N - a potion of invisibility {unknown}


   Skills:
 + Level 8.3 Fighting
 + Level 13.9 Long Blades
 + Level 2.4 Maces & Flails
 + Level 0.2 Throwing
 + Level 8.5 Armour
 + Level 4.2 Dodging
 + Level 1.7 Stealth
 + Level 4.4 Shields


You had 9 spell levels left.
You didn't know any spells.
Your spell library contained the following spells:

 Spells                   Type           Power      Damage    Failure   Level
 Necrotise                Necr           0%         1d4       47%         1
 Swiftness                Air            0%         N/A       85%         3
 Vampiric Draining        Necr           0%         2d6       85%         3
 Vhi's Electric Charge    Tloc/Air       0%         N/A       99%         4
 Agony                    Necr           0%         N/A       100%        5
 Infestation              Necr           0%         N/A       100%        8
 Animate Dead             Necr           Unusable   N/A       N/A         4

Dungeon Overview and Level Annotations

Branches:
Dungeon (8/15)             Temple (1/1) D:6          Bailey (1/1)
   Lair: D:8-11

Altars:
Ashenzari
Cheibriados
Dithmenos
Elyvilon
Fedhas
Gozag
Hepliaklqana
Kikubaaqudgha
Makhleb
Nemelex Xobeh
Okawaru
Qazlal
Ru
Sif Muna
Trog
Uskayaw
Vehumet
Wu Jian
Xom
Yredelemnul
Zin
The Shining One

Shops:
D:3 *   D:5 !=[((


Innate Abilities, Weirdness & Mutations

You are a tree.
Your roots penetrate the ground, keeping you stationary.
You cannot be teleported.
You are immune to unholy pain and torment.
Your maximum health is greatly increased.
Your equipment is partially melded.
((You have a pair of horns on your head.))
((You reflexively headbutt those who attack you in melee.))


Message History

You hit the orc warlord. You freeze the orc warlord.
You kill the orc warlord!
Your Fighting skill increases to level 8!
You closely miss the orc warrior.
The orc warrior hits you but does no damage.
The orc warrior is distracted by your dazzling golden aura.
The orc warrior shouts!
You slash the orc warrior! You freeze the orc warrior.
You headbutt the orc warrior.
The orc warrior is severely wounded.
The orc warrior is no longer distracted by gold.
The orc warrior hits you with a +0 hand axe!
* * * LOW HITPOINT WARNING * * *
You feel very mighty all of a sudden.
The orc warrior hits you but does no damage.
The orc warrior hits you with a +0 hand axe!
* * * LOW HITPOINT WARNING * * *
The orc warrior attacks as it pursues you!
The orc warrior hits you but does no damage.
It was a potion of lignification.
You turn into a tree.
Your +2 pair of gloves melds into your body.
Your +0 pair of boots melds into your body.
Your +0 plate armour melds into your body.
Your roots penetrate the ground.
You hit the orc warrior. You freeze the orc warrior.
You kill the orc warrior!
You barely miss the orc.
The orc warrior no longer looks unusually strong.
The gnoll hits you but does no damage. The orc hits you with a +0 hand axe.
* * * LOW HITPOINT WARNING * * *
You closely miss the orc.
The orc warrior no longer looks unusually strong.
The orc no longer looks unusually strong.
The gnoll hits you but does no damage. The orc hits you with a +0 hand axe.
* * * LOW HITPOINT WARNING * * *
You hit the orc. You freeze the orc.
You kill the orc!
The gnoll hits you with a +0 hand axe.
You die...
Your body crumbles into a pile of gold.

##.........###....
#........)..#.....
#........)))')....
#.....⌠.....#.....
#...........#.....
#...........#.....
###.).......###....
###.#)#.....###.###..
###...♣)###.###...
### ##.....g$..###
.... # #......o.o.8#
.....
#..........8#......
#∩....⌠....$$......
#..........8#......
#..........8# .....
##)........### ....
###...).###.###...


You could see 2 orc warriors and a gnoll.

Vanquished Creatures
  An orc warlord (Bailey)
  Joseph (D:7)
  Prince Ribbit (D:8)
  6 yaks (D:8)
  A steam dragon (D:8)
  A water moccasin (D:5)
  11 orc warriors
  An ice beast (D:7)
  A sky beast (D:7)
  2 black bears
  2 ogres
  2 centaurs
  2 phantoms (D:6)
  3 scorpions (D:7)
  2 bullfrogs
  3 wights (D:8)
  4 jellies
  A gnoll bouda (D:6)
  3 hounds
  2 orc priests (D:6)
  Terence (D:3)
  2 iguanas (D:7)
  A sleepcap (D:6)
  3 orc wizards
  15 gnolls
  10 adders
  2 shadow imps
  2 white imps
  6 ufetubi (D:6)
  A worm (D:3)
  2 dart slugs
  27 orcs
  10 endoplasms
  3 giant cockroaches
  17 goblins
  17 hobgoblins
  11 jackals
  3 kobolds
  3 quokkas
  9 ball pythons
  6 bats
  A frilled lizard (D:1)
  3 rats
205 creatures vanquished.

Notes
Turn   | Place    | Note
-------+----------+-------------------------------------------
     0 | D:1      | Fodor the Minotaur Fighter began the quest for the Orb.
     0 | D:1      | Reached XP level 1. HP: 19/19 MP: 0/0
    76 | D:1      | Reached XP level 2. HP: 16/27 MP: 1/1
   184 | D:1      | Found a faded altar of an unknown god.
   479 | D:1      | Reached XP level 3. HP: 33/33 MP: 2/2
   488 | D:1      | Reached skill level 3 in Long Blades
   739 | D:2      | Reached XP level 4. HP: 40/40 MP: 3/3
  1376 | D:3      | Identified the "Qeylioru"
  1418 | D:3      | Noticed Terence
  1427 | D:3      | Killed Terence
  1428 | D:3      | Reached skill level 1 in Maces & Flails
  1785 | D:3      | Found Juedut's General Store.
  1950 | D:3      | Reached XP level 5. HP: 37/47 MP: 4/4
  2013 | D:3      | Found an ornate altar of the Wu Jian Council.
  2021 | D:3      | Noticed a spectral centipede
  2021 | D:3      | Noticed a spectral black mamba
  2021 | D:3      | Noticed a spectral cane toad
  2312 | D:3      | Identified the +6 great sword "Wibb" {freeze, rElec Will+++
                  | Str-5 Dex-2}
  2779 | D:4      | Reached skill level 4 in Long Blades
  2950 | D:4      | Noticed a black bear
  2958 | D:4      | Killed a black bear
  2959 | D:4      | Reached skill level 5 in Armour
  2959 | D:4      | Reached skill level 1 in Dodging
  3155 | D:5      | Entered Level 5 of the Dungeon
  3181 | D:5      | Reached XP level 6. HP: 50/53 MP: 5/5
  3314 | D:5      | Reached skill level 5 in Long Blades
  3333 | D:5      | Found Tenel's Weapon Shop.
  3333 | D:5      | Found Zunk's Weapon Boutique.
  3338 | D:5      | Found Yzuxoj's Antique Armour Shop.
  3338 | D:5      | Noticed a water moccasin
  3343 | D:5      | Found Kughev's Jewellery Emporium.
  3343 | D:5      | Found Zuenonif's Distillery.
  3351 | D:5      | Killed a water moccasin
  3487 | D:5      | Reached XP level 7. HP: 55/60 MP: 6/6
  3712 | D:6      | Reached skill level 6 in Long Blades
  3964 | D:6      | Reached skill level 5 in Fighting
  4029 | D:6      | Reached skill level 7 in Long Blades
  4599 | D:6      | Reached XP level 8. HP: 40/69 MP: 7/7
  4703 | D:6      | Reached skill level 8 in Long Blades
  4704 | D:6      | Found a staircase to the Ecumenical Temple.
  4717 | Temple   | Entered the Ecumenical Temple
  4759 | Temple   | Became a worshipper of Gozag Ym Sagoz the Greedy
  5430 | D:7      | Reached skill level 9 in Long Blades
  5536 | D:7      | Reached skill level 1 in Stealth
  5543 | D:7      | Reached skill level 10 in Long Blades
  5626 | D:7      | Reached XP level 9. HP: 70/75 MP: 8/8
  5650 | D:7      | Noticed Joseph
  5659 | D:7      | Killed Joseph
  6019 | D:8      | Reached skill level 11 in Long Blades
  6041 | D:8      | Reached skill level 12 in Long Blades
  6141 | D:8      | Noticed Prince Ribbit
  6148 | D:8      | Killed Prince Ribbit
  6404 | D:8      | Reached XP level 10. HP: 65/86 MP: 9/9
  6561 | D:8      | Found a flagged portal.
  6579 | Bailey   | Entered a bailey
  6664 | Bailey   | Reached skill level 13 in Long Blades
  7020 | Bailey   | Noticed an orc warlord
  7040 | Bailey   | Killed an orc warlord
  7045 | Bailey   | HP: 1/89 [orc warrior/+0 hand axe (12)]
  7050 | Bailey   | HP: 1/133 [orc/+0 hand axe (2)]
  7052 | Bailey   | Slain by a gnoll

Illustrated notes

Levels and vault maps discovered:
D:1:      dpeg_arrival_orchard, layout_rooms, basic_ecumenical_altar
D:2:      layout_loops_cross
D:3:      layout_loops_corners, pdpol_wu_jian_five_deadly_venoms, serial_shops,
          nicolae_shop_rolling_square, chequers_serial_rivers_micro_c,
          uniq_terence
D:4:      layout_cave_pods
D:5:      layout_rooms, nicolae_shop_national_dungeon_mall
D:6:      layout_loops_ring, minmay_temple_entry_gardened_gates, serial_demonic,
          serial_demonic_b, serial_demonic_g, serial_demonic_g,
          serial_demonic_b, serial_demonic_g
D:7:      layout_basic, minmay_misc_feat_rows, uniq_joseph
D:8:      layout_basic, enter_bailey_4, solitary_fountain, uniq_prince_ribbit1
Temple:   compressed_dpeg_circular_temple
Bailey:   bailey_axe_minmay_hex_keep, bailey

Skill      XL: |  1  2  3  4  5  6  7  8  9 10 |
---------------+-------------------------------+-----
Fighting       | 4 5 6 7 8 |  8.3
Armour         | 4 5 6 7 8 |  8.5
Shields        | 4 |  4.4
Long Blades    | 3 4 5 7 10 12 13 | 13.9
Maces & Flails | 1 2 |  2.4
Dodging        | 1 2 3 4 |  4.2
Stealth        | 1 |  1.7
Throwing       | |  0.2

Action                     |  1- 3 |  4- 6 |  7- 9 | 10-12 || total
---------------------------+-------+-------+-------+-------++-------
  Melee: Long sword        |    66 |       |       |       ||    66
         Headbutt          |     7 |    13 |    23 |    16 ||    59
         Flail             |     6 |    35 |       |       ||    41
         Mace              |       |    17 |       |       ||    17
         Great sword       |       |    56 |   161 |   118 ||   335
  Throw: Dart              |       |     2 |       |       ||     2
    Use: Potion            |       |       |       |     2 ||     2
   Stab: Distracted        |       |       |     1 |     1 ||     2
 Armour: Scale mail        |    60 |   125 |       |       ||   185
         Ring mail         |       |       |    91 |       ||    91
         Plate armour      |       |       |    62 |   108 ||   170
         Skin              |       |       |       |     5 ||     5
  Dodge: Dodged            |    54 |    84 |    96 |    42 ||   276
  Block: Buckler           |    27 |    18 |       |       ||    45

Table legend: (Time is in decaauts)
 A = Elapsed time spent in this place.
 B = Non-inter-level travel time spent in this place.
 C = Inter-level travel time spent in this place.
 D = Time resting spent in this place.
 E = Time spent auto-exploring this place.
 F = Levels seen in this place.
 G = Mean time per level.
                   A        B        C        D        E       F      G
               +--------+--------+--------+--------+--------+-----+--------+
         Total |   7169 |   6764 |    405 |    634 |      0 |  10 |  716.9 |
       Dungeon |   6597 |   6192 |    405 |    482 |      0 |   8 |  824.6 |
        Temple |     94 |     94 |      0 |      0 |      0 |   1 |   94.0 |
        Bailey |    476 |    476 |      0 |    152 |      0 |   1 |  476.0 |
               +--------+--------+--------+--------+--------+-----+--------+

Top non-repeatable levels by time:
     D:6: 1236 daAuts
     D:3: 1033 daAuts
     D:7: 1005 daAuts
     D:2: 778 daAuts
     D:4: 767 daAuts
     D:1: 628 daAuts
     D:8: 601 daAuts
     D:5: 546 daAuts
  Bailey: 476 daAuts
  Temple: 94 daAuts
